 Seeded DCSS version 0.30-a0-476-g330ca2eb8e (webtiles) character file.

Game seed: 16792993399291170163 (custom seed)

53 purpskrrrp the Sneak (level 3, -3/21 HPs)
             Began as a Vampire Brigand on Dec 22, 2022.
             Slain by a kobold
             ... wielding a +0 dagger of distortion
              (24 damage)
             ... on level 2 of the Dungeon.
             The game lasted 00:02:49 (1409 turns).

purpskrrrp the Sneak (Vampire Brigand)              Turns: 1409, Time: 00:02:50

Health: -3/21      AC:  8    Str: 10    XL:     3   Next: 62%
Magic:  3/3        EV: 12    Int: 13    God:
Gold:   35         SH:  0    Dex: 17    Spells: 2/2 levels left

rFire   . . .      SeeInvis +    a - +2 dagger
rCold   + + .      Faith    .    (no shield)
rNeg    + + +      Spirit   .    b - +0 robe
rPois   ∞          Reflect  .    i - +5 hat "Haos" {rPois}
rElec   .          Harm     .    c - +0 cloak
rCorr   .          Rampage  .    (no gloves)
Will    .....                    (no boots)
Stlth   ++++++....               (no amulet)
HPRegen 0.00/turn                (no ring)
MPRegen 0.08/turn                (no ring)

@: bloodless, inhibited regen
A: bloodless, fangs 3, see invisible, vampiric 2
a: Bat Form, Revivify


You were on level 2 of the Dungeon.
You visited 1 branch of the dungeon, and saw 2 of its levels.

You collected 35 gold pieces.

Inventory:

Hand Weapons
 a - a +2 dagger (weapon)
Missiles
 d - 6 poisoned darts
 e - 3 curare-tipped darts
Armour
 b - a +0 robe (worn)
 c - a +0 cloak (worn)
 i - the +5 hat "Haos" (worn) {rPois}
   (You acquired it on level 2 of the Dungeon)

   rPois:     It protects you from poison.
Jewellery
 f - a ring of resist corrosion
 h - a +6 ring of intelligence
 l - a ring of ice
Scrolls
 g - 6 scrolls of identify {unknown}
 m - 2 scrolls of noise {unknown}
 o - a scroll of magic mapping {unknown}
Potions
 j - a potion of might {unknown}
 p - a potion of haste {unknown}


   Skills:
 + Level 2.2 Fighting
 * Level 3.1 Short Blades
 - Level 1.5 Throwing
 + Level 1.8 Dodging
 * Level 6.6 Stealth


You had 2 spell levels left.
You didn't know any spells.
Your spell library contained the following spells:

 Spells                   Type           Power      Damage    Failure   Level
 Static Discharge         Conj/Air       0%         2-2/arc   43%         2
 Vhi's Electric Charge    Tloc/Air       0%         N/A       67%         3
 Arcjolt                  Conj/Air       0%         1d10      100%        5
 Lightning Bolt           Conj/Air       0%         1d11      100%        5


Dungeon Overview and Level Annotations

Branches:
Dungeon (2/15)

Altars:


Innate Abilities, Weirdness & Mutations

You do not regenerate when monsters are visible.
You are frail without blood (-20% HP).
You can heal yourself when you bite living creatures.
You are immune to poison.
You have razor-sharp teeth.
You have supernaturally acute eyesight. (SInv)
You are afflicted with vampirism and can become a bat while bloodless.


Message History

No target in view!
No target in view!
No target in view!
No target in view!
No target in view!
No target in view!
No target in view!
No target in view!
No target in view!
No target in view!
You feel your willpower return.
m - 2 scrolls labelled TIEBICSANK (gained 1)
A worm comes into view.
A worm is nearby!
A worm is nearby!
A worm is nearby!
A worm is nearby!
The helpless worm fails to defend itself.
You stick the worm like a pincushion!!!
You kill the worm!
No target in view!
No target in view!
No target in view!
No target in view!
No target in view!
No target in view!
No target in view!
No target in view!
No target in view!
No target in view!
No target in view!
No target in view!
No target in view!
Found a stone staircase leading down.
A kobold comes into view.
It is wielding a +0 dagger of distortion.
The kobold shouts!
You closely miss the kobold. The kobold hits you but does no damage.
Space warps horribly around you!!
Ouch! That really hurt!
You die...

#####.#
#.@K..#
#.#####
#.# #.#
#.# #.#
#.# #.#
#.#


You could see a kobold.

Vanquished Creatures
  An adder (D:2)
  A worm (D:2)
  5 ball pythons (D:1)
  4 endoplasms
  2 giant cockroaches (D:2)
  5 goblins
  7 hobgoblins
  A quokka (D:2)
  4 bats
  A frilled lizard (D:1)
  3 kobolds (D:1)
  2 rats (D:1)
36 creatures vanquished.

Notes
Turn   | Place    | Note
-------+----------+-------------------------------------------
     0 | D:1      | purpskrrrp the Vampire Brigand began the quest for the Orb.
     0 | D:1      | Reached XP level 1. HP: 16/16 MP: 1/1
   161 | D:1      | Reached skill level 6 in Stealth
   230 | D:1      | Reached XP level 2. HP: 17/17 MP: 2/2
  1106 | D:2      | Gained mutation: You are afflicted with vampirism and can
                  | become a bat while bloodless. [Vampire growth]
  1106 | D:2      | Reached XP level 3. HP: 18/21 MP: 3/3
  1210 | D:2      | Found a faded altar of an unknown god.
  1284 | D:2      | Identified a scroll of acquirement
  1284 | D:2      | Acquired the +5 hat "Haos" {rPois}
  1409 | D:2      | Slain by a kobold

Illustrated notes

Levels and vault maps discovered:
D:1:      lemuel_arrival_tunnels, layout_basic
D:2:      layout_basic, nicolae_ecumenical_lake_church, serial_forest,
          infiniplex_forest_clump_small, infiniplex_forest_clump_small,
          infiniplex_forest_straight_3, infiniplex_forest_straight_1,
          infiniplex_forest_lined_2

Skill      XL: |  1  2  3 |
---------------+----------+-----
Stealth        | 6 |  6.6
Fighting       | 2 |  2.2
Short Blades   | 3 |  3.1
Throwing       | |  1.5
Dodging        | |  1.8

Action                   || total
-------------------------++-------
Melee: Dagger            ||    79
       Bite              ||     2
Throw: Dart              ||    25
 Abil: Exsanguinate      ||     1
  Use: Scroll            ||     3
 Stab: Sleeping          ||    14
Armor: Robe              ||    19
Dodge: Dodged            ||    32

Table legend: (Time is in decaauts)
 A = Elapsed time spent in this place.
 B = Non-inter-level travel time spent in this place.
 C = Inter-level travel time spent in this place.
 D = Time resting spent in this place.
 E = Time spent auto-exploring this place.
 F = Levels seen in this place.
 G = Mean time per level.
                   A        B        C        D        E       F      G
               +--------+--------+--------+--------+--------+-----+--------+
         Total |   1397 |   1329 |     68 |      0 |   1093 |   2 |  698.5 |
       Dungeon |   1397 |   1329 |     68 |      0 |   1093 |   2 |  698.5 |
               +--------+--------+--------+--------+--------+-----+--------+

Top non-repeatable levels by time:
     D:1: 1052 daAuts
     D:2: 345 daAuts
